TOP OF THE 1ST |
Richland Rails batting - Pitching for Billings Polar Bears : RHP Dennis Alexander
|
Pitching: RHP Dennis Alexander
|
|
Batting: RHB Hui-ying Sun
|
0-0: Ground out 6-3 (Groundball, 6, EV 108.1 MPH)
|
Batting: SHB Fa-hsien Tze
|
0-0: Ball 1-0: Ball 2-0: Ball 3-0: Base on Balls
|
Batting: LHB Tony Wonder
|
0-0: Called Strike Fa-hsien Tze steals 2nd base 0-1: Ball 1-1: Ball 2-1: Swinging Strike 2-2: SINGLE (Groundball, 4MD, EV 105.0 MPH) Fa-hsien Tze to third Runner from 3rd tries for Home, SAFE, throw by CF to home
|
Batting: LHB Aaron Day
|
0-0: Ground out 3-1 (Groundball, 3, EV 90.6 MPH) Tony Wonder to second
|
Batting: RHB Ernesto Rivera
|
0-0: Ball 1-0: Ball 2-0: Ball 3-0: Base on Balls
|
Batting: LHB Glenn Lockhart
|
0-0: 3-RUN HOME RUN (Flyball, 89XD, EV 96.2 MPH), Distance : 425 ft
|
Batting: RHB Muoi Hoan
|
0-0: Fly out, F4 (Popup, 4M, EV 75.6 MPH)
|
Top of the 1st over - 4 runs, 2 hits, 0 errors, 0 left on base; Richland 4 - Billings 0 |
BOTTOM OF THE 1ST |
Billings Polar Bears batting - Pitching for Richland Rails : RHP Maverick Handley
|
Pitching: RHP Maverick Handley
|
|
Batting: LHB Allen Wrench
|
0-0: Ball 1-0: Fly out, F8 (Flyball, 8RS, EV 90.0 MPH)
|
Batting: LHB Sandro Goro
|
0-0: Ball 1-0: Reached on error, E6 (Groundball, 6, EV 105.6 MPH)
|
Batting: LHB Lawrence Perry
|
0-0: Called Strike 0-1: Ball Sandro Goro steals 2nd base (no throw) 1-1: Ground out 6-3 (Groundball, 6M, EV 109.4 MPH) Sandro Goro to third
|
Batting: LHB Yi-da Chow
|
0-0: Called Strike 0-1: Ground out 2-3 (Groundball, 15S, EV 72.5 MPH)
|
Bottom of the 1st over - 0 runs, 0 hits, 1 error, 1 left on base; Richland 4 - Billings 0 |
TOP OF THE 2ND |
Richland Rails batting - Pitching for Billings Polar Bears : RHP Dennis Alexander
|
Batting: RHB Hsui-chuan Hong
|
0-0: Ball 1-0: Ball 2-0: Ball 3-0: Called Strike 3-1: Ground out U3 (Groundball, 34, EV 88.1 MPH)
|
Batting: RHB Kel Warren
|
0-0: Ball 1-0: Ball 2-0: Ball 3-0: Base on Balls
|
Batting: RHB Hui-ying Sun
|
0-0: Ball 1-0: Foul Ball, location: 2F 1-1: Ball 2-1: Foul Ball, location: 2F 2-2: Fly out, F9 (Flyball, 89S, EV 84.4 MPH)
|
Batting: SHB Fa-hsien Tze
|
0-0: Ball 1-0: Called Strike 1-1: Ball 2-1: Ball Wild Pitch! Kel Warren to second 3-1: SINGLE (Groundball, 4MD, EV 102.5 MPH) Kel Warren to third Runner from 3rd tries for Home, SAFE, no throw by CF
|
Batting: LHB Tony Wonder
|
0-0: Ball Fa-hsien Tze steals 2nd base 1-0: Ground out 6-3 (Groundball, 6M, EV 81.2 MPH)
|
Top of the 2nd over - 1 run, 1 hit, 0 errors, 1 left on base; Richland 5 - Billings 0 |
BOTTOM OF THE 2ND |
Billings Polar Bears batting - Pitching for Richland Rails : RHP Maverick Handley
|
Batting: RHB Wilbur Thomas
|
0-0: Foul Ball, location: 2F 0-1: Fly out, F6 (Flyball, 56D, EV 88.1 MPH)
|
Batting: RHB Raheem Sterling
|
0-0: Foul Ball, location: 2F 0-1: Ground out 4-3 (Groundball, 34D, EV 101.2 MPH)
|
Batting: SHB Amadeo Álvarez
|
0-0: Foul Ball, location: 2F 0-1: SINGLE (Line Drive, 7S, EV 91.2 MPH)
|
Batting: RHB Doug Becker
|
0-0: Swinging Strike 0-1: Called Strike 0-2: Foul Ball, location: 2F 0-2: SINGLE (Line Drive, 9S, EV 111.2 MPH) Amadeo Álvarez to second
|
Batting: RHB Toni Vilen
|
0-0: Ball 1-0: Called Strike 1-1: Ball 2-1: Ground out U3 (Groundball, 34, EV 100.0 MPH)
|
Bottom of the 2nd over - 0 runs, 2 hits, 0 errors, 2 left on base; Richland 5 - Billings 0 |
TOP OF THE 3RD |
Richland Rails batting - Pitching for Billings Polar Bears : RHP Dennis Alexander
|
Batting: LHB Aaron Day
|
0-0: Called Strike 0-1: SINGLE (Line Drive, 7S, EV 94.4 MPH)
|
Batting: RHB Ernesto Rivera
|
0-0: Ball 1-0: 2-RUN HOME RUN (Line Drive, 7D, EV 100.6 MPH), Distance : 382 ft
|
Pitching: RHP Roger Bickett
|
|
Batting: LHB Glenn Lockhart
|
0-0: Ground out 6-3 (Groundball, 6, EV 83.1 MPH)
|
Batting: RHB Muoi Hoan
|
0-0: Called Strike 0-1: SOLO HOME RUN (Flyball, 7LD, EV 95.0 MPH), Distance : 355 ft
|
Batting: RHB Hsui-chuan Hong
|
0-0: SINGLE (Line Drive, 78S, EV 98.1 MPH)
|
Batting: RHB Kel Warren
|
0-0: Ball 1-0: Fly out, F9 (Flyball, 89S, EV 85.0 MPH)
|
Batting: RHB Hui-ying Sun
|
0-0: Called Strike 0-1: Ball 1-1: Called Strike 1-2: Ball 2-2: Ball 3-2: Base on Balls Hsui-chuan Hong to second
|
Batting: SHB Fa-hsien Tze
|
0-0: Called Strike 0-1: Ball 1-1: Reached via error on a dropped throw from SS, E4 (Groundball, 6, EV 84.4 MPH) Hsui-chuan Hong to third Hui-ying Sun to second
|
Batting: LHB Tony Wonder
|
0-0: Fly out, F6 (Flyball, 6MD, EV 80.6 MPH)
|
Top of the 3rd over - 3 runs, 4 hits, 1 error, 3 left on base; Richland 8 - Billings 0 |
BOTTOM OF THE 3RD |
Billings Polar Bears batting - Pitching for Richland Rails : RHP Maverick Handley
|
Batting: LHB Allen Wrench
|
0-0: Ball 1-0: Foul Ball, location: 2F 1-1: Ground out 4-3 (Groundball, 34D, EV 104.4 MPH)
|
Batting: LHB Sandro Goro
|
0-0: Ball 1-0: SINGLE (Groundball, 6MD, EV 101.9 MPH)
|
Batting: LHB Lawrence Perry
|
0-0: Foul Ball, location: 2F 0-1: Ball 1-1: Ball 2-1: Swinging Strike 2-2: Ball 3-2: Strikes out swinging Sandro Goro steals 2nd base (no throw) Batter strikes out.
|
Batting: LHB Yi-da Chow
|
0-0: Ball 1-0: Foul Ball, location: 2F 1-1: Ground out 4-3 (Groundball, 34, EV 80.0 MPH)
|
Bottom of the 3rd over - 0 runs, 1 hit, 0 errors, 1 left on base; Richland 8 - Billings 0 |
TOP OF THE 4TH |
Richland Rails batting - Pitching for Billings Polar Bears : RHP Roger Bickett
|
Batting: LHB Aaron Day
|
0-0: Fly out, F7 (Flyball, 78D, EV 91.9 MPH)
|
Batting: RHB Ernesto Rivera
|
0-0: Ball 1-0: Swinging Strike 1-1: SINGLE (Flyball, 3D, EV 95.0 MPH)
|
Batting: LHB Glenn Lockhart
|
0-0: Foul Ball, location: 2F 0-1: Foul Ball, location: 2F 0-2: Ball 1-2: Foul Ball, location: 2F 1-2: Foul Ball, location: 2F 1-2: Ball 2-2: Fielders Choice at 2nd, 4-6 (Groundball, 4, EV 103.1 MPH)
|
Batting: RHB Muoi Hoan
|
0-0: Ball 1-0: SINGLE (Line Drive, 6M, EV 95.6 MPH) Glenn Lockhart to second
|
Batting: RHB Hsui-chuan Hong
|
0-0: Ball 1-0: Ball 2-0: Ball 3-0: Fly out, F8 (Line Drive, 8RD, EV 93.8 MPH)
|
Top of the 4th over - 0 runs, 2 hits, 0 errors, 2 left on base; Richland 8 - Billings 0 |
BOTTOM OF THE 4TH |
Billings Polar Bears batting - Pitching for Richland Rails : RHP Maverick Handley
|
Now at 3B: Francisco Rodríguez
|
|
Batting: RHB Wilbur Thomas
|
0-0: Ball 1-0: Called Strike 1-1: Foul Ball, location: 2F 1-2: Ground out 5-3 (Groundball, 56S, EV 86.2 MPH)
|
Batting: RHB Raheem Sterling
|
0-0: Ball 1-0: Called Strike 1-1: Called Strike 1-2: Foul Ball, location: 2F 1-2: Strikes out swinging
|
Batting: SHB Amadeo Álvarez
|
0-0: Ball 1-0: Swinging Strike 1-1: DOUBLE (Line Drive, 89M, EV 94.4 MPH)
|
Batting: RHB Doug Becker
|
0-0: Ball 1-0: Foul Ball, location: 2F 1-1: Foul Ball, location: 2F 1-2: Ball 2-2: Foul Ball, location: 2F 2-2: Ball 3-2: Fly out, F6 (Popup, 6, EV 78.1 MPH)
|
Bottom of the 4th over - 0 runs, 1 hit, 0 errors, 1 left on base; Richland 8 - Billings 0 |
TOP OF THE 5TH |
Richland Rails batting - Pitching for Billings Polar Bears : RHP Roger Bickett
|
Batting: RHB Kel Warren
|
0-0: Foul Ball, location: 2F 0-1: Ball 1-1: Swinging Strike 1-2: Ball 2-2: Foul Ball, location: 2F 2-2: Strikes out looking
|
Batting: RHB Hui-ying Sun
|
0-0: Ball 1-0: Ball 2-0: Ball 3-0: Called Strike 3-1: Ground out 3-1 (Groundball, 34, EV 104.4 MPH)
|
Batting: SHB Fa-hsien Tze
|
0-0: Ball 1-0: Called Strike 1-1: Reached on error, E7 (Line Drive, 7, EV 96.2 MPH)
|
Batting: LHB Tony Wonder
|
0-0: Ball 1-0: SINGLE (Line Drive, 78S, EV 88.8 MPH) Fa-hsien Tze to third Runner from 3rd tries for Home, SAFE, throw by LF to home
|
Batting: LHB Aaron Day
|
0-0: Ball 1-0: Ball 2-0: Called Strike 2-1: Swinging Strike 2-2: Fly out, F9 (Line Drive, 9, EV 91.9 MPH)
|
Top of the 5th over - 1 run, 1 hit, 1 error, 1 left on base; Richland 9 - Billings 0 |
BOTTOM OF THE 5TH |
Billings Polar Bears batting - Pitching for Richland Rails : RHP Maverick Handley
|
Batting: RHB Toni Vilen
|
0-0: Called Strike 0-1: Swinging Strike 0-2: Ball 1-2: Foul Ball, location: 2F 1-2: SINGLE (Groundball, 34D, EV 100.0 MPH)
|
Batting: LHB Allen Wrench
|
0-0: Called Strike 0-1: Ball 1-1: SINGLE (Groundball, 34D, EV 105.6 MPH) Toni Vilen to second
|
Batting: LHB Sandro Goro
|
0-0: Ball 1-0: Foul Ball, location: 2F 1-1: Foul Ball, location: 2F 1-2: Ball 2-2: Ball 3-2: Foul Ball, location: 2F 3-2: Fielders Choice at 2nd, 4-6 (Groundball, 34, EV 83.1 MPH) Toni Vilen to third
|
Batting: LHB Lawrence Perry
|
0-0: Ball 1-0: SINGLE (Groundball, 56, EV 84.4 MPH) (infield hit) Toni Vilen scores Sandro Goro to second
|
Batting: LHB Yi-da Chow
|
0-0: Called Strike 0-1: Ball 1-1: Ball 2-1: Called Strike 2-2: Foul Ball, location: 2F 2-2: Foul Ball, location: 2F 2-2: Foul Ball, location: 2F 2-2: Fly out, F7 (Line Drive, 7, EV 88.8 MPH)
|
Batting: RHB Wilbur Thomas
|
0-0: Ball 1-0: Foul Ball, location: 2F 1-1: Swinging Strike 1-2: Ball 2-2: Reached on error, E4 (Groundball, 4, EV 88.1 MPH) Sandro Goro to third Lawrence Perry to second
|
Batting: RHB Raheem Sterling
|
0-0: Called Strike 0-1: Ground out 4-3 (Groundball, 4, EV 84.4 MPH)
|
Bottom of the 5th over - 1 run, 3 hits, 1 error, 3 left on base; Richland 9 - Billings 1 |
TOP OF THE 6TH |
Richland Rails batting - Pitching for Billings Polar Bears : RHP Roger Bickett
|
Batting: RHB Francisco Rodríguez
|
0-0: Ball 1-0: Foul Ball, location: 2F 1-1: Swinging Strike 1-2: Fly out, F3 (Line Drive, 3, EV 69.4 MPH)
|
Batting: LHB Glenn Lockhart
|
0-0: Foul Ball, location: 2F 0-1: Foul Ball, location: 2F 0-2: Fly out, F8 (Line Drive, 8RM, EV 89.4 MPH)
|
Batting: RHB Muoi Hoan
|
0-0: Called Strike 0-1: Ball 1-1: Swinging Strike 1-2: Fly out, F9 (Line Drive, 9, EV 100.6 MPH)
|
Top of the 6th over - 0 runs, 0 hits, 0 errors, 0 left on base; Richland 9 - Billings 1 |
BOTTOM OF THE 6TH |
Billings Polar Bears batting - Pitching for Richland Rails : RHP Maverick Handley
|
Now at 3B: James Cooper
|
|
Batting: SHB Amadeo Álvarez
|
0-0: Swinging Strike 0-1: Foul Ball, location: 2F 0-2: Ball 1-2: Strikes out swinging
|
Batting: RHB Doug Becker
|
0-0: Ball 1-0: Swinging Strike 1-1: Foul Ball, location: 2F 1-2: Foul Ball, location: 2F 1-2: Ball 2-2: Ground out 6-3 (Groundball, 56, EV 105.6 MPH)
|
Batting: RHB Toni Vilen
|
0-0: Foul Ball, location: 2F 0-1: Ball 1-1: Ball 2-1: Swinging Strike 2-2: Ball 3-2: SINGLE (Line Drive, 9S, EV 93.8 MPH)
|
Pitching: LHP Phillam Alindogan
|
|
Batting: LHB Allen Wrench
|
0-0: Called Strike 0-1: Foul Ball, location: 2F 0-2: Ball 1-2: Ball 2-2: Strikes out looking
|
Bottom of the 6th over - 0 runs, 1 hit, 0 errors, 1 left on base; Richland 9 - Billings 1 |
TOP OF THE 7TH |
Richland Rails batting - Pitching for Billings Polar Bears : RHP Roger Bickett
|
Batting: RHB James Cooper
|
0-0: Called Strike 0-1: Foul Ball, location: 2F 0-2: Foul Ball, location: 2F 0-2: SINGLE (Groundball, 3, EV 83.1 MPH) (infield hit)
|
Batting: RHB Kel Warren
|
0-0: Ball 1-0: Ball 2-0: Called Strike 2-1: SINGLE (Line Drive, 7S, EV 92.5 MPH) James Cooper to second
|
Pitching: RHP Chris Gilroy
|
|
Pinch Hitting: SHB Miguel González
|
0-0: Called Strike 0-1: Called Strike 0-2: Ball 1-2: Strikes out swinging
|
Batting: SHB Fa-hsien Tze
|
0-0: Ball 1-0: Swinging Strike 1-1: Foul Ball, location: 2F 1-2: Ball 2-2: Fly out, F7 (Flyball, 78M, EV 91.9 MPH)
|
Batting: LHB Tony Wonder
|
0-0: Ball 1-0: Foul Ball, location: 2F 1-1: Ball 2-1: Fly out, F9 (Flyball, 9S, EV 82.5 MPH)
|
Top of the 7th over - 0 runs, 2 hits, 0 errors, 2 left on base; Richland 9 - Billings 1 |
BOTTOM OF THE 7TH |
Billings Polar Bears batting - Pitching for Richland Rails : LHP Phillam Alindogan
|
Now in CF: Miguel González
|
|
Batting: LHB Sandro Goro
|
0-0: Foul Ball, location: 2F 0-1: Foul Ball, location: 2F 0-2: Strikes out swinging
|
Batting: LHB Lawrence Perry
|
0-0: Called Strike 0-1: Ball 1-1: Ball 2-1: Called Strike 2-2: Strikes out swinging
|
Batting: LHB Yi-da Chow
|
0-0: Ball 1-0: Ball 2-0: Ball 3-0: Base on Balls
|
Batting: RHB Wilbur Thomas
|
0-0: Called Strike 0-1: DOUBLE (Groundball, 5L, EV 100.6 MPH) Yi-da Chow to third
|
Batting: RHB Raheem Sterling
|
0-0: Called Strike 0-1: Swinging Strike 0-2: Ball 1-2: Fly out, F8 (Flyball, 8LM, EV 95.0 MPH)
|
Bottom of the 7th over - 0 runs, 1 hit, 0 errors, 2 left on base; Richland 9 - Billings 1 |
TOP OF THE 8TH |
Richland Rails batting - Pitching for Billings Polar Bears : RHP Chris Gilroy
|
Batting: LHB Aaron Day
|
0-0: Swinging Strike 0-1: Ball 1-1: Called Strike 1-2: Fly out, F8 (Flyball, 8LM, EV 88.8 MPH)
|
Batting: RHB Francisco Rodríguez
|
0-0: Ball 1-0: Fly out, F8 (Flyball, 89XD, EV 96.9 MPH)
|
Batting: LHB Glenn Lockhart
|
0-0: Ball 1-0: Ball 2-0: Called Strike 2-1: Foul Ball, location: 2F 2-2: Strikes out looking
|
Top of the 8th over - 0 runs, 0 hits, 0 errors, 0 left on base; Richland 9 - Billings 1 |
BOTTOM OF THE 8TH |
Billings Polar Bears batting - Pitching for Richland Rails : LHP Phillam Alindogan
|
Batting: SHB Amadeo Álvarez
|
0-0: Called Strike 0-1: Single, Error in OF, E8, batter to second base (Groundball, 4D, EV 101.9 MPH)
|
Batting: RHB Doug Becker
|
0-0: Ball 1-0: Swinging Strike 1-1: Ground out 1-3 (Groundball, P, EV 67.5 MPH) Amadeo Álvarez to third
|
Batting: RHB Toni Vilen
|
0-0: Called Strike 0-1: Called Strike 0-2: Ball 1-2: Ball 2-2: Ground out 6-3 (Groundball, 56, EV 98.1 MPH) Amadeo Álvarez scores
|
Pinch Hitting: RHB Tony Sánchez
|
0-0: Fly out, F8 (Line Drive, 8RM, EV 89.4 MPH)
|
Bottom of the 8th over - 1 run, 1 hit, 1 error, 0 left on base; Richland 9 - Billings 2 |
TOP OF THE 9TH |
Richland Rails batting - Pitching for Billings Polar Bears : RHP Chris Gilroy
|
Now at 1B: Tony Sánchez
|
|
Batting: RHB Muoi Hoan
|
0-0: Called Strike 0-1: Swinging Strike 0-2: Fly out, F4 (Popup, 4, EV 76.2 MPH)
|
Batting: RHB James Cooper
|
0-0: Called Strike 0-1: Ground out 6-3 (Groundball, 6S, EV 71.2 MPH)
|
Batting: RHB Kel Warren
|
0-0: Ball 1-0: Ground out 4-3 (Groundball, 4, EV 84.4 MPH)
|
Top of the 9th over - 0 runs, 0 hits, 0 errors, 0 left on base; Richland 9 - Billings 2 |
BOTTOM OF THE 9TH |
Billings Polar Bears batting - Pitching for Richland Rails : LHP Phillam Alindogan
|
Batting: LHB Sandro Goro
|
0-0: Ground out 5-3 (Groundball, 5, EV 109.4 MPH)
|
Batting: LHB Lawrence Perry
|
0-0: Called Strike 0-1: Ball 1-1: Called Strike 1-2: Strikes out looking
|
Batting: LHB Yi-da Chow
|
0-0: Foul Ball, location: 2F 0-1: Ball 1-1: Ball 2-1: Foul Ball, location: 2F 2-2: Foul Ball, location: 2F 2-2: Foul Ball, location: 2F 2-2: Ball 3-2: Fly out, F7 (Line Drive, 7, EV 100.0 MPH)
|
Bottom of the 9th over - 0 runs, 0 hits, 0 errors, 0 left on base; Richland 9 - Billings 2 |
|